 Dungeon Crawl Stone Soup version 0.18.1-50-g88ac8fd (webtiles) character file.

6182 Gargoyl the Protected (level 10, -6/79 HPs)
             Began as a Demonspawn Abyssal Knight on Sept 13, 2016.
             Was an Elder of Lugonu.
             Killed by nerve-wracking pain
             ... invoked by an orc priest
              (10 damage)
             ... on level 10 of the Dungeon.
             The game lasted 00:21:40 (8672 turns).

Gargoyl the Protected (Demonspawn Abyssal Knight)   Turns: 8672, Time: 00:21:41

Health: -6/79      AC: 17    Str: 23    XL:     10   Next: 60%
Magic:  13/13      EV: 10    Int: 17    God:    Lugonu [****..]
Gold:   217        SH:  5    Dex: 16    Spells: 0 memorised, 9 levels left

rFire  . . .     SeeInvis +     z - +0 war axe
rCold  x . .     Gourm    .     d - +0 plate armour "Ylir" {rElec rC- Int+3}
rNeg   . . .     Faith    .     i - +0 buckler
rPois  +         Spirit   .     (helmet restricted)
rElec  +         Dismiss  .     h - +0 cloak
rCorr  .         Reflect  .     k - +0 pair of gloves
SustAt .         Harm     .     (no boots)
MR     .....                    g - amulet of regeneration
Stlth  ..........               (no ring)
                                j - ring of poison resistance

@: mighty, not resistant to hostile enchantments, extremely unstealthy
A: hooves 2, horns 2, see invisible, agile 2, sense surroundings 1, poison
resistance, powered by pain 2, strong 1, evolution 1, no device heal 1, subdued
magic 1, sturdy frame 1
a: Depart the Abyss, Bend Space, Banish, Corrupt, Renounce Religion


You were on level 10 of the Dungeon.
You worshipped Lugonu.
Lugonu was greatly pleased with you.
You were not hungry.

You visited 1 branch of the dungeon, and saw 10 of its levels.
You visited the Abyss 1 time.

You collected 617 gold pieces.
You spent 400 gold pieces at shops.

Inventory:

Hand Weapons
 z - a +0 war axe (weapon)
Missiles
 C - 2 tomahawks (quivered)
Armour
 d - the +0 plate armour "Ylir" (worn) {rElec rC- Int+3}
   (You found it on level 2 of the Abyss)

   It affects your intelligence (+3).
   It makes you vulnerable to cold.
   It insulates you from electricity.
 h - a +0 cloak (worn)
 i - a +0 buckler (worn)
 k - a +0 pair of gloves (worn)
 p - a +0 helmet
 A - a +0 chain mail
Jewellery
 g - an amulet of regeneration (around neck)
 j - a ring of poison resistance (left hand)
 F - an uncursed amulet of dismissal {unknown}
 J - an uncursed amulet of magic regeneration {unknown}
Wands
 m - a wand of hasting (3/9)
 n - a wand of flame (19/48)
Scrolls
 e - 7 scrolls of identify
 f - 2 scrolls of recharging
 l - 2 scrolls of remove curse
 o - 2 scrolls of amnesia
 r - 2 scrolls of blinking
 u - 4 scrolls of teleportation
 w - 3 scrolls of magic mapping
 D - a scroll of fog
Potions
 b - 5 potions of curing
 B - 4 potions of heal wounds
 E - a potion of flight
 G - a potion of agility
 H - a potion of cure mutation {unknown}
Books
 t - a book of Spatial Translocations

   Spells                             Type                      Level
   a - Apportation                    Translocation                1
   b - Blink                          Translocation                2
   c - Shroud of Golubria             Charms/Translocation         2
   d - Portal Projectile              Translocation                3
   e - Teleport Other                 Translocation                3
   f - Passage of Golubria            Translocation                4
 x - a book of the Sky

   Spells                             Type                      Level
   a - Summon Lightning Spire         Summoning/Air                4
   b - Airstrike                      Air                          4
   c - Silence                        Hexes/Air                    5
   d - Deflect Missiles               Charms/Air                   6
   e - Conjure Ball Lightning         Conjuration/Air              6
   f - Tornado                        Air                          9
 y - a book of Debilitation

   Spells                             Type                      Level
   a - Corona                         Hexes                        1
   b - Slow                           Hexes                        2
   c - Gell's Gravitas                Hexes/Translocation          3
   d - Inner Flame                    Hexes/Fire                   3
   e - Cause Fear                     Hexes                        4
   f - Leda's Liquefaction            Hexes/Earth                  4
 I - an Akashic Record

   Spells                             Type                      Level
   a - Dispersal                      Translocation                6
   b - Malign Gateway                 Summoning/Translocation      7
   c - Disjunction                    Translocation                8
   d - Controlled Blink               Translocation                8
 K - a Grand Grimoire

   Spells                             Type                      Level
   a - Monstrous Menagerie            Summoning                    7
   b - Summon Greater Demon           Summoning                    7
   c - Malign Gateway                 Summoning/Translocation      7
   d - Summon Horrible Things         Summoning                    8
Comestibles
 a - 12 fruits
 c - 11 bread rations
 q - 2 beef jerkies
 s - 6 slices of pizza
 v - 5 meat rations


   Skills:
 + Level 7.3 Fighting
 + Level 6.4 Axes
 + Level 0.5 Throwing
 * Level 10.1 Armour
 + Level 3.4 Dodging
 + Level 1.0 Stealth
 + Level 4.0 Shields
 + Level 4.8 Invocations


You had 9 spell levels left.
You didn't know any spells.

Dungeon Overview and Level Annotations

Branches:
Dungeon (10/15)            Temple (0/1) D:5
   Lair: D:8-11         Orc: D:9-12

Altars:
Ashenzari
Gozag
Kikubaaqudgha
Makhleb
Nemelex Xobeh
Okawaru
Pakellas
Sif Muna
Xom
Yredelemnul
Zin
The Shining One

Shops:
D:8 !

Annotations:
D:7 Erolcha
D:10 Gargoyl's ghost, journeyman DsAK


Innate Abilities, Weirdness & Mutations

You have hoof-like feet.
You sometimes gain power by taking damage.
Your movements are slightly less encumbered by armour (ER -2).
You have a pair of horns on your head.
You have supernaturally acute eyesight.
You are very agile. (Dex +4)
You passively map a small area around you.
Your system is resistant to poisons.
Your muscles are strong. (Str +2)
You evolve.
Potions and wands are less effective at restoring your health.
Your spells are a little easier to cast, but a little less powerful.


Message History

You barely miss Gargoyl's ghost.
Gargoyl's ghost is almost destroyed.
Gargoyl's ghost closely misses you.
You hit Gargoyl's ghost but do no damage.
Your headbutt misses Gargoyl's ghost.
Gargoyl's ghost is almost destroyed.
Gargoyl's ghost hits you!!
* * * LOW HITPOINT WARNING * * *
Gargoyl's ghost barely misses you.
You hit Gargoyl's ghost but do no damage.
You headbutt Gargoyl's ghost.
Gargoyl's ghost is almost destroyed.
Gargoyl's ghost hits you!
* * * LOW HITPOINT WARNING * * *
You slash Gargoyl's ghost! Your headbutt misses Gargoyl's ghost.
Gargoyl's ghost is almost destroyed.
Gargoyl's ghost hits you but does no damage.
The orc priest calls down the wrath of Beogh upon you.
Pain shoots through your body!
You die...

* * * * ,, ** , * * *
########### #.........#
...######.........######
(..'.aW@'.........'.....
...######.........######
, #.o.......# **
#.........######
#....o....#..... *
#.........#.....
#........)#.....
#>..(.....()†... , *
#.#########)†...


You could see a worker ant, an orc priest, Gargoyl's ghost and an orc
(wandering).

Vanquished Creatures
  A hill giant (D:9)
  Pikel (D:6)
  Joseph (D:8)
  A troll (D:10)
  5 yaks
  A slave (D:6)
  2 sky beasts
  2 orc warriors
  A necrophage (D:5)
  4 ogres
  4 centaurs
  A crocodile (D:9)
  4 big kobolds
  2 giant frogs
  A scorpion (D:6)
  6 killer bees (D:10)
  3 wights (D:8)
  A howler monkey (D:5)
  3 crimson imps
  A giant frog zombie (D:6)
  5 hounds
  2 giant frog skeletons
  3 orc priests
  3 centaur skeletons
  2 jellies (D:6)
  3 iguanas
  6 orc wizards
  3 worker ants
  2 sheep (D:8)
  A hound skeleton (D:8)
  A worker ant zombie (D:5)
  Robin (D:2)
  11 adders
  8 gnolls
  A howler monkey skeleton (D:9)
  4 shadow imps
  3 oozes
  An adder zombie (D:9)
  An adder skeleton (D:4)
  A worm (D:2)
  5 dart slugs (D:1)
  3 giant geckos
  27 orcs
  2 ball pythons
  16 goblins
  10 hobgoblins
  7 jackals
  4 quokkas
  5 bats
  A giant gecko skeleton (D:4)
  6 giant newts
  4 goblin skeletons (D:4)
  2 hobgoblin zombies (D:4)
  A jackal zombie (D:5)
  8 kobolds
  3 orc zombies (D:4)
  A quokka zombie (D:9)
  4 rats
216 creatures vanquished.

Vanquished Creatures (others)
  A hydra (D:8)
  A yak (D:7)
  A human (D:4)
  3 crimson imps
  An iguana (D:6)
  An orc wizard (D:7)
  A fungus (D:7)
  A plant (D:8)
10 creatures vanquished.

Grand Total: 226 creatures vanquished

Notes
Turn   | Place    | Note
--------------------------------------------------------------
     0 | Abyss:1  | Gargoyl the Demonspawn Abyssal Knight began the quest for the Orb.
     0 | Abyss:1  | Reached XP level 1. HP: 18/18 MP: 2/2
    35 | Abyss:2  | Got a spiked plate armour
    46 | Abyss:2  | Identified the cursed +0 plate armour "Ylir" {rElec rC- Int+3} (You found it on level 2 of the Abyss)
    88 | Abyss:2  | Noticed an ancient zyme
    95 | D:1      | Escaped the Abyss
   156 | D:1      | Gained mutation: You sometimes gain a little power by taking damage. [demonic ancestry]
   156 | D:1      | Reached XP level 2. HP: 11/24 MP: 4/4
   232 | D:1      | Reached skill level 2 in Armour
   252 | D:1      | Reached skill level 1 in Dodging
   303 | D:1      | Reached * piety under Lugonu
  1025 | D:1      | Gained mutation: You have large cloven feet. [demonic ancestry]
  1025 | D:1      | Reached XP level 3. HP: 29/29 MP: 5/5
  1229 | D:2      | Noticed Robin
  1261 | D:2      | Killed Robin
  1261 | D:2      | Reached XP level 4. HP: 9/37 MP: 6/6
  1442 | D:2      | Reached ** piety under Lugonu
  1768 | D:2      | Reached skill level 3 in Armour
  2057 | D:3      | Gained mutation: You sometimes gain power by taking damage. [demonic ancestry]
  2057 | D:3      | Reached XP level 5. HP: 42/42 MP: 7/7
  2871 | D:4      | Found a glowing golden altar of the Shining One.
  3001 | D:4      | Reached skill level 4 in Armour
  3160 | D:4      | Reached XP level 6. HP: 39/48 MP: 8/8
  3208 | D:4      | Found a burning altar of Makhleb.
  3297 | D:4      | Reached *** piety under Lugonu
  3306 | D:5      | Entered Level 5 of the Dungeon
  3583 | D:5      | Found a staircase to the Ecumenical Temple.
  3678 | D:5      | Reached skill level 1 in Shields
  3678 | D:5      | Reached XP level 7. HP: 51/55 MP: 9/9
  3731 | D:5      | Reached skill level 5 in Armour
  3751 | D:5      | Found a shimmering altar of Xom.
  3954 | D:5      | Found a basalt altar of Yredelemnul.
  3982 | D:5      | Found a deep blue altar of Sif Muna.
  4187 | D:6      | Noticed Pikel
  4215 | D:6      | Gained mutation: You are weak. (Str -2) [potion of mutation]
  4215 | D:6      | Gained mutation: Your spells are a little easier to cast, but a little less powerful. [potion of mutation]
  4215 | D:6      | Gained mutation: Your system is resistant to poisons. [potion of mutation]
  4245 | D:6      | Killed Pikel
  4245 | D:6      | Reached skill level 5 in Fighting
  4245 | D:6      | Reached skill level 6 in Armour
  4245 | D:6      | Gained mutation: Your movements are slightly less encumbered by armour (ER -2). [demonic ancestry]
  4245 | D:6      | Reached XP level 8. HP: 62/62 MP: 10/10
  5261 | D:7      | Found a glowing silver altar of Zin.
  5329 | D:7      | Reached skill level 7 in Armour
  5465 | D:7      | Found an oddly glowing altar of Pakellas.
  5465 | D:7      | Noticed an orange crystal statue
  5596 | D:7      | Found a sparkling altar of Nemelex Xobeh.
  6073 | D:8      | Noticed Erolcha
  6364 | D:4      | Found an ancient bone altar of Kikubaaqudgha.
  6482 | D:4      | Gained mutation: You have a pair of small horns on your head. [potion of mutation]
  6482 | D:4      | Gained mutation: You are agile. (Dex +2) [potion of mutation]
  6483 | D:4      | Gained mutation: You are resistant to electric shocks. [potion of mutation]
  6483 | D:4      | Gained mutation: You are very agile. (Dex +4) [potion of mutation]
  6483 | D:4      | Gained mutation: You have supernaturally acute eyesight. [potion of mutation]
  6648 | D:4      | Reached **** piety under Lugonu
  6650 | D:4      | Gained mutation: You have hoof-like feet. [demonic ancestry]
  6650 | D:4      | Reached XP level 9. HP: 49/69 MP: 11/11
  6730 | D:8      | Noticed Joseph
  6819 | D:8      | Killed Joseph
  6819 | D:8      | Reached skill level 8 in Armour
  6937 | D:8      | Found Yvvocz Faef's Distillery.
  6961 | D:8      | Gained mutation: Potions and wands are less effective at restoring your health. [mutagenic meat]
  6962 | D:8      | Gained mutation: You passively map a small area around you. [mutagenic meat]
  6963 | D:8      | Gained mutation: You evolve. [mutagenic meat]
  6964 | D:8      | Lost mutation: You are resistant to electric shocks. [mutagenic meat]
  6965 | D:8      | Lost mutation: You are weak. (Str -2) [mutagenic meat]
  6968 | D:8      | Bought 2 potions of heal wounds for 160 gold pieces
  6968 | D:8      | Bought a potion of heal wounds for 80 gold pieces
  6968 | D:8      | Bought a potion of heal wounds for 80 gold pieces
  6968 | D:8      | Bought a potion of heal wounds for 80 gold pieces
  6993 | D:8      | Reached skill level 5 in Axes
  7142 | D:8      | Noticed a three-headed hydra
  7176 | D:8      | Banished a four-headed hydra
  7176 | D:8      | Reached skill level 9 in Armour
  7444 | D:8      | Found a shattered altar of Ashenzari.
  7734 | D:9      | Reached XP level 10. HP: 77/77 MP: 13/13
  7781 | D:9      | Noticed a hill giant
  7791 | D:9      | Killed a hill giant
  7827 | D:9      | Found a basalt altar of Yredelemnul.
  7931 | D:9      | Found an opulent altar of Gozag.
  7994 | D:9      | Gained mutation: You have a pair of horns on your head. [mutagenic meat]
  8029 | D:9      | Gained mutation: Your muscles are strong. (Str +2) [evolution]
  8181 | D:9      | Found an iron altar of Okawaru.
  8295 | D:10     | Entered Level 10 of the Dungeon
  8372 | D:10     | Reached skill level 1 in Stealth
  8395 | D:10     | Reached skill level 10 in Armour
  8648 | D:10     | Noticed Gargoyl's ghost (journeyman DsAK)
  8671 | D:10     | HP: 3/79 [Gargoyl's ghost (7)]
  8672 | D:10     | Killed from afar by an orc priest

Skill      XL: |  1  2  3  4  5  6  7  8  9 10 |
---------------+-------------------------------+-----
Axes           | 2 3 4 5 6 |  6.4
Armour         | 2 3 4 6 7 9 10 | 10.1
Dodging        | 1 2 3 |  3.4
Fighting       | 4 5 6 7 |  7.3
Shields        | 1 2 3 4 |  4.0
Invocations    | 3 4 |  4.8
Stealth        | 1 |  1.0
Throwing       | |  0.5

Action                   |  1- 3 |  4- 6 |  7- 9 | 10-12 || total
-------------------------+-------+-------+-------+-------++-------
Melee: Hand axe          |   143 |   389 |   262 |       ||   794
       Kick              |    13 |   103 |   127 |    73 ||   316
       War axe           |       |       |   287 |   182 ||   469
       Headbutt          |       |       |    23 |    44 ||    67
Throw: Tomahawk          |       |       |     3 |     5 ||     8
Invok: Depart the Abyss  |     1 |       |       |       ||     1
       Banish            |       |       |     6 |       ||     6
       Bend Space        |       |       |     1 |       ||     1
  Use: Scroll            |       |    10 |     5 |     4 ||    19
       Potion            |       |       |    16 |       ||    16
 Stab: Distracted        |     1 |       |       |       ||     1
  Eat: Chunk             |     1 |     9 |    17 |     8 ||    35
       Bread ration      |       |       |     1 |       ||     1
       Fruit             |       |       |     1 |       ||     1
Armor: Plate armour      |   147 |   431 |   414 |   116 ||  1108
       Skin              |       |       |    45 |       ||    45
Dodge: Dodged            |    26 |    93 |   166 |    83 ||   368
Block: Buckler           |       |    60 |   140 |    52 ||   252
